NYP
BROOKLYN CYCLONES @ EUGENE EMERALDS
05/21/2045
 
TOP OF THE 1ST
Brooklyn Cyclones batting - Pitching for Eugene Emeralds : RHP Mark Duffy
Pitching: RHP Mark Duffy
Batting: LHB Tom Prayer 0-0: Ball
1-0: Ball
2-0: Called Strike
2-1: Ball
3-1: DOUBLE (Line Drive, 89D, EV 108.1 MPH)
Batting: RHB Danny Runberg 0-0: Ball
1-0: Ball
2-0: Called Strike
2-1: Foul Ball, location: 2F
2-2: Ground out 6-3 (Groundball, 6D, EV 86.2 MPH)
Tom Prayer to third
Batting: RHB Jose Lara 0-0: Ball
1-0: Ball
2-0: Ball
3-0: Called Strike
3-1: Called Strike
3-2: Base on Balls
Batting: LHB Adam Barry 0-0: Ball
1-0: Ball
2-0: Ball
3-0: Base on Balls
Jose Lara to second
Pitching: LHP Virgílio Beyfus
Batting: RHB David Kunze 0-0: Foul Ball, location: 2F
0-1: Ball
1-1: Called Strike
1-2: Foul Ball, location: 2F
1-2: Ball
2-2: Strikes out swinging
Batting: RHB Chris Artz 0-0: Called Strike
0-1: Fly out, F8 (Flyball, 8LM, EV 76.9 MPH)
Top of the 1st over - 0 runs, 1 hit, 0 errors, 3 left on base; Brooklyn 0 - Eugene 0
BOTTOM OF THE 1ST
Eugene Emeralds batting - Pitching for Brooklyn Cyclones : RHP Luis Lorez
Pitching: RHP Luis Lorez
Batting: RHB Du Kim 0-0: Called Strike
0-1: Ball
1-1: Called Strike
1-2: Ball
2-2: Ground out 5-3 (Groundball, 56S, EV 86.2 MPH)
Batting: RHB Leonardo Nava 0-0: Ball
1-0: Fly out, F8 (Flyball, 78S, EV 83.1 MPH)
Batting: RHB Ricardo Aguinaga 0-0: Ball
1-0: Ball
2-0: Ball
3-0: Foul Ball, location: 2F
3-1: Called Strike
3-2: Base on Balls
Batting: RHB Bill Holmes 0-0: Ball
1-0: Foul Ball, location: 2F
1-1: Swinging Strike
Pickoff Throw to First - Out! 1-3
Bottom of the 1st over - 0 runs, 0 hits, 0 errors, 0 left on base; Brooklyn 0 - Eugene 0
TOP OF THE 2ND
Brooklyn Cyclones batting - Pitching for Eugene Emeralds : LHP Virgílio Beyfus
Batting: RHB San-pao Kao 0-0: Swinging Strike
0-1: Ball
1-1: Ball
2-1: Ball
3-1: Foul Ball, location: 2F
3-2: Base on Balls
Batting: RHB Louwe Starmans 0-0: Ball
1-0: Fly out, F8 (Line Drive, 8LD, EV 96.9 MPH)
Batting: RHB Rob Bly 0-0: Foul Ball, location: 2F
0-1: SINGLE (Line Drive, 34D, EV 101.9 MPH)
San-pao Kao to second
Pitching: LHP Neal Brody
Batting: LHB Tom Prayer 0-0: Swinging Strike
0-1: Ball
1-1: Fly out, F9 (Flyball, 9LM, EV 95.6 MPH)
Runner from 2nd tags up, SAFE at 3rd, no throw by RF
Batting: RHB Danny Runberg 0-0: Called Strike
0-1: Ball
1-1: Foul Ball, location: 2F
1-2: Ball
2-2: Ball
3-2: Foul Ball, location: 2F
3-2: Base on Balls
Rob Bly to second
Batting: RHB Jose Lara 0-0: SINGLE (Groundball, 4D, EV 108.1 MPH)
San-pao Kao scores
Rob Bly to third
Danny Runberg to second
Runner from 3rd tries for Home, SAFE, throw by RF to home
Batting: LHB Adam Barry 0-0: Ball
1-0: SINGLE (Groundball, 6S, EV 68.8 MPH) (infield hit)
Danny Runberg to third
Jose Lara to second
Batting: RHB David Kunze 0-0: Ball
1-0: Swinging Strike
1-1: Swinging Strike
1-2: Ball
2-2: Fielders Choice at 2nd, 6-4 (Groundball, 6, EV 102.5 MPH)
Top of the 2nd over - 2 runs, 3 hits, 0 errors, 3 left on base; Brooklyn 2 - Eugene 0
BOTTOM OF THE 2ND
Eugene Emeralds batting - Pitching for Brooklyn Cyclones : RHP Luis Lorez
Batting: RHB Bill Holmes 0-0: Ball
1-0: Foul Ball, location: 2F
1-1: Swinging Strike
1-2: SINGLE (Groundball, 56D, EV 104.4 MPH)
Batting: RHB Han-seung Hah 0-0: Ball
1-0: Foul Ball, location: 2F
1-1: Ball
2-1: Foul Ball, location: 2F
2-2: Strikes out swinging
Batting: RHB Jerry Blas 0-0: Called Strike
0-1: Ball
Wild Pitch!
Bill Holmes to second
1-1: Foul Ball, location: 2F
1-2: Foul Ball, location: 2F
1-2: Strikes out swinging
Batting: SHB Andrew Baron 0-0: Ball
1-0: Foul Ball, location: 2F
1-1: Swinging Strike
1-2: Foul Ball, location: 2F
1-2: Ball
2-2: Strikes out swinging
Bottom of the 2nd over - 0 runs, 1 hit, 0 errors, 1 left on base; Brooklyn 2 - Eugene 0
TOP OF THE 3RD
Brooklyn Cyclones batting - Pitching for Eugene Emeralds : LHP Neal Brody
Pitching: LHP Bernard Grose
Batting: RHB Chris Artz 0-0: Foul Ball, location: 2F
0-1: Foul Ball, location: 2F
0-2: Foul Ball, location: 2F
0-2: Strikes out swinging
Batting: RHB San-pao Kao 0-0: Ball
1-0: Ball
2-0: Foul Ball, location: 2F
2-1: Ball
3-1: Base on Balls
Batting: RHB Louwe Starmans 0-0: Foul Ball, location: 2F
0-1: Ball
1-1: Foul Ball, location: 2F
1-2: Ball
2-2: Grounds into double play, 5-4-3 (Groundball, 56, EV 78.1 MPH)
Top of the 3rd over - 0 runs, 0 hits, 0 errors, 0 left on base; Brooklyn 2 - Eugene 0
BOTTOM OF THE 3RD
Eugene Emeralds batting - Pitching for Brooklyn Cyclones : RHP Luis Lorez
Batting: RHB Jonathan Ridgely 0-0: Called Strike
0-1: Ball
1-1: Swinging Strike
1-2: Strikes out looking
Batting: RHB Alvaro Romero 0-0: Fly out, F7 (Flyball, 7, EV 96.9 MPH)
Batting: RHB Du Kim 0-0: Swinging Strike
0-1: Foul Ball, location: 2F
0-2: Foul Ball, location: 2F
0-2: Strikes out swinging
Bottom of the 3rd over - 0 runs, 0 hits, 0 errors, 0 left on base; Brooklyn 2 - Eugene 0
TOP OF THE 4TH
Brooklyn Cyclones batting - Pitching for Eugene Emeralds : LHP Bernard Grose
Batting: RHB Rob Bly 0-0: Foul Ball, location: 2F
0-1: Ball
1-1: Foul Ball, location: 2F
1-2: Ground out 5-3 (Groundball, 56S, EV 83.1 MPH)
Pitching: RHP Karl Stuart
Batting: LHB Tom Prayer 0-0: Ball
1-0: Ball
2-0: Ball
3-0: Called Strike
3-1: Base on Balls
Batting: RHB Danny Runberg 0-0: Ball
Wild Pitch!
Tom Prayer to second
1-0: 2-RUN HOME RUN (Flyball, 9D, EV 94.4 MPH), Distance : 374 ft
Batting: RHB Jose Lara 0-0: Called Strike
0-1: Ball
1-1: Foul Ball, location: 2F
1-2: Foul Ball, location: 2F
1-2: Ground out 1-3 (Groundball, 13, EV 70.6 MPH)
Batting: LHB Adam Barry 0-0: Ball
1-0: Called Strike
1-1: Ball
2-1: Foul Ball, location: 2F
2-2: SINGLE (Line Drive, 7S, EV 105.6 MPH)
Batting: RHB David Kunze 0-0: SINGLE (Groundball, 4D, EV 108.1 MPH)
Adam Barry to second
Runner from 2nd tries for 3rd, SAFE, no throw by CF
Pitching: LHP Jose Urena
Batting: RHB Chris Artz 0-0: Ball
David Kunze is caught stealing 2nd base 2-4
Top of the 4th over - 2 runs, 3 hits, 0 errors, 1 left on base; Brooklyn 4 - Eugene 0
BOTTOM OF THE 4TH
Eugene Emeralds batting - Pitching for Brooklyn Cyclones : RHP Luis Lorez
Batting: RHB Leonardo Nava 0-0: Fly out, F7 (Flyball, 7LD, EV 90.6 MPH)
Batting: RHB Ricardo Aguinaga 0-0: Swinging Strike
0-1: Swinging Strike
0-2: Hit by Pitch
Batting: RHB Bill Holmes 0-0: Called Strike
0-1: Ball
1-1: Ball
Ricardo Aguinaga steals 2nd base
2-1: Foul Ball, location: 2F
2-2: Ball
3-2: Strikes out looking
Batting: RHB Han-seung Hah 0-0: Ball
1-0: Ball
2-0: Foul Ball, location: 2F
2-1: Ball
3-1: Swinging Strike
3-2: Foul Ball, location: 2F
3-2: Strikes out swinging
Bottom of the 4th over - 0 runs, 0 hits, 0 errors, 1 left on base; Brooklyn 4 - Eugene 0
TOP OF THE 5TH
Brooklyn Cyclones batting - Pitching for Eugene Emeralds : LHP Jose Urena
Batting: RHB Chris Artz 0-0: Ball
1-0: Swinging Strike
1-1: Ball
2-1: SOLO HOME RUN (Flyball, 78XD, EV 103.1 MPH), Distance : 384 ft
Batting: RHB San-pao Kao 0-0: Foul Ball, location: 2F
0-1: Ball
1-1: Ball
2-1: Ball
3-1: Base on Balls
Batting: RHB Louwe Starmans 0-0: Ball
1-0: Ball
2-0: Ball
3-0: Called Strike
3-1: Base on Balls
San-pao Kao to second
Batting: RHB Rob Bly 0-0: Called Strike
0-1: Swinging Strike
0-2: Ball
1-2: Ball
2-2: Foul Ball, location: 2F
2-2: Strikes out swinging
Batting: LHB Tom Prayer 0-0: Called Strike
0-1: Ball
1-1: Called Strike
1-2: Foul Ball, location: 2F
1-2: Strikes out swinging
Batting: RHB Danny Runberg 0-0: Ball
1-0: Swinging Strike
1-1: Swinging Strike
1-2: Strikes out swinging
Top of the 5th over - 1 run, 1 hit, 0 errors, 2 left on base; Brooklyn 5 - Eugene 0
BOTTOM OF THE 5TH
Eugene Emeralds batting - Pitching for Brooklyn Cyclones : RHP Luis Lorez
Batting: RHB Jerry Blas 0-0: Fly out, F8 (Line Drive, 8LD, EV 93.1 MPH)
Batting: SHB Andrew Baron 0-0: Ball
1-0: Fly out, F8 (Flyball, 8RD, EV 89.4 MPH)
Batting: RHB Jonathan Ridgely 0-0: Ball
1-0: Ball
2-0: Swinging Strike
2-1: Foul Ball, location: 2F
2-2: Foul Ball, location: 2F
2-2: Reached on error, E5 (Groundball, 56S, EV 81.9 MPH)
Batting: RHB Alvaro Romero 0-0: SINGLE (Line Drive, 34D, EV 108.8 MPH)
Jonathan Ridgely to second
Batting: RHB Du Kim 0-0: Ball
1-0: Ball
2-0: Ball
Wild Pitch!
Jonathan Ridgely to third
Alvaro Romero to second
3-0: Called Strike
3-1: Ground out 4-3 (Groundball, 4MS, EV 95.0 MPH)
Bottom of the 5th over - 0 runs, 1 hit, 1 error, 2 left on base; Brooklyn 5 - Eugene 0
TOP OF THE 6TH
Brooklyn Cyclones batting - Pitching for Eugene Emeralds : LHP Jose Urena
Batting: RHB Jose Lara 0-0: Swinging Strike
0-1: Ball
1-1: Foul Ball, location: 2F
1-2: Ball
2-2: SINGLE (Line Drive, 8RS, EV 103.8 MPH)
Batting: LHB Adam Barry 0-0: Ball
1-0: Ball
2-0: Foul Ball, location: 2F
2-1: Swinging Strike
2-2: Ball
3-2: DOUBLE (Line Drive, 78D, EV 100.6 MPH)
Jose Lara to third
Batting: RHB David Kunze 0-0: Ball
Wild Pitch!
Jose Lara scores
Adam Barry to third
1-0: Ball
2-0: Foul Ball, location: 2F
2-1: Called Strike
2-2: Foul Ball, location: 2F
2-2: Ball
3-2: Base on Balls
Batting: RHB Chris Artz 0-0: Ball
1-0: TRIPLE (Flyball, 89XD, EV 106.9 MPH)
Adam Barry scores
David Kunze scores
Batting: RHB San-pao Kao 0-0: Ball
1-0: Called Strike
1-1: DOUBLE (Groundball, 5L, EV 97.5 MPH)
Chris Artz scores
Batting: RHB Louwe Starmans 0-0: Ball
1-0: Ball
2-0: Called Strike
2-1: Foul Ball, location: 2F
2-2: Foul Ball, location: 2F
2-2: Ball
3-2: Base on Balls
Batting: RHB Rob Bly 0-0: Ball
1-0: Foul Ball, location: 2F
1-1: Ball
2-1: Ball
3-1: Base on Balls
San-pao Kao to third
Louwe Starmans to second
Pitching: RHP Taylor Garofalo
Batting: LHB Tom Prayer 0-0: Ball
1-0: Foul Ball, location: 2F
1-1: Ball
2-1: Foul Ball, location: 2F
2-2: Foul Ball, location: 2F
2-2: Reached on error, E5 (Groundball, 56, EV 83.1 MPH)
San-pao Kao scores
Louwe Starmans to third
Rob Bly to second
Batting: RHB Danny Runberg 0-0: Foul Ball, location: 2F
0-1: Ball
1-1: SINGLE (Line Drive, 8LS, EV 100.6 MPH)
Louwe Starmans scores
Rob Bly to third
Tom Prayer to second
Batting: RHB Jose Lara 0-0: Called Strike
0-1: Swinging Strike
0-2: Ball
1-2: SINGLE (Line Drive, 8LS, EV 104.4 MPH)
Rob Bly scores
Tom Prayer to third
Danny Runberg to second
Batting: LHB Adam Barry 0-0: Ball
1-0: Foul Ball, location: 2F
1-1: Ball
2-1: TRIPLE (Flyball, 89XD, EV 96.9 MPH)
Tom Prayer scores
Danny Runberg scores
Jose Lara scores
Batting: RHB David Kunze 0-0: DOUBLE (Line Drive, 8LD, EV 108.1 MPH)
Adam Barry scores
Pitching: RHP Jake Mitchell
Batting: RHB Chris Artz 0-0: Called Strike
0-1: Ball
1-1: DOUBLE (Line Drive, 7LM, EV 104.4 MPH)
David Kunze scores
Batting: RHB San-pao Kao 0-0: Ball
1-0: Called Strike
1-1: Ball
2-1: Ball
Balk!
Chris Artz to third
3-1: Foul Ball, location: 2F
3-2: Foul Ball, location: 2F
3-2: Fly out, F6 (Popup, 6MS, EV 68.8 MPH)
Batting: RHB Louwe Starmans 0-0: Called Strike
0-1: Ball
1-1: Foul Ball, location: 2F
1-2: Ball
Balk!
Chris Artz scores
2-2: Ball
3-2: Foul Ball, location: 2F
3-2: Base on Balls
Batting: RHB Rob Bly 0-0: DOUBLE (Line Drive, 8LD, EV 107.5 MPH)
Louwe Starmans to third
Runner from 3rd tries for Home, SAFE, throw by CF to home
Pitching: RHP Andy Huntley
Batting: LHB Tom Prayer 0-0: Ball
1-0: SINGLE (Groundball, 3S, EV 65.6 MPH) (infield hit)
Rob Bly to third
Batting: RHB Danny Runberg 0-0: Swinging Strike
0-1: Foul Ball, location: 2F
0-2: Ball
1-2: Ball
2-2: Fly out, F9 (Flyball, 9D, EV 81.2 MPH)
Runner from 3rd tags up, SCORES, no throw by RF
Batting: RHB Jose Lara 0-0: SINGLE (Groundball, 56D, EV 95.0 MPH)
Tom Prayer to second
Batting: LHB Adam Barry 0-0: Ball
1-0: Ball
2-0: Ball
3-0: Base on Balls
Tom Prayer to third
Jose Lara to second
Batting: RHB David Kunze 0-0: Called Strike
0-1: TRIPLE (Line Drive, 89XD, EV 113.8 MPH)
Tom Prayer scores
Jose Lara scores
Adam Barry scores
Batting: RHB Chris Artz 0-0: Ball
1-0: Ball
2-0: Called Strike
2-1: Ball
3-1: Called Strike
3-2: Base on Balls
Batting: RHB San-pao Kao 0-0: Called Strike
0-1: DOUBLE (Line Drive, 5D, EV 93.8 MPH)
David Kunze scores
Chris Artz to third
Batting: RHB Louwe Starmans 0-0: Swinging Strike
0-1: Ball
1-1: Swinging Strike
1-2: Ground out 5-3 (Groundball, 5, EV 81.2 MPH)
Top of the 6th over - 19 runs, 14 hits, 1 error, 2 left on base; Brooklyn 24 - Eugene 0
BOTTOM OF THE 6TH
Eugene Emeralds batting - Pitching for Brooklyn Cyclones : RHP Luis Lorez
Pitching: LHP Jonathan O'Donnell
Batting: RHB Leonardo Nava 0-0: Foul Ball, location: 2F
0-1: Ball
1-1: Fly out, F7 (Flyball, 78M, EV 79.4 MPH)
Batting: RHB Ricardo Aguinaga 0-0: Called Strike
0-1: Swinging Strike
0-2: Ground out 4-3 (Groundball, 4M, EV 90.6 MPH)
Batting: RHB Bill Holmes 0-0: Swinging Strike
0-1: Ball
1-1: Called Strike
1-2: Ball
2-2: Ball
3-2: SINGLE (Groundball, P, EV 87.5 MPH) (infield hit)
Batting: RHB Han-seung Hah 0-0: Ball
1-0: Ball
2-0: Hit by Pitch
Bill Holmes to second
Batting: RHB Jerry Blas 0-0: Called Strike
0-1: Swinging Strike
0-2: Foul Ball, location: 2F
0-2: Ball
1-2: Ball
2-2: Ball
3-2: Foul Ball, location: 2F
3-2: Foul Ball, location: 2F
3-2: Strikes out swinging
Bottom of the 6th over - 0 runs, 1 hit, 0 errors, 2 left on base; Brooklyn 24 - Eugene 0
TOP OF THE 7TH
Brooklyn Cyclones batting - Pitching for Eugene Emeralds : RHP Andy Huntley
Batting: RHB Rob Bly 0-0: Called Strike
0-1: Ground out 5-3 (Groundball, 56, EV 94.4 MPH)
Pinch Hitting: RHB Victor Roca 0-0: Called Strike
0-1: Ball
1-1: Ball
2-1: Ball
3-1: Base on Balls
Batting: RHB Danny Runberg 0-0: DOUBLE (Flyball, 89D, EV 103.1 MPH)
Victor Roca to third
Batting: RHB Jose Lara 0-0: 3-RUN HOME RUN (Flyball, 78XD, EV 96.9 MPH), Distance : 384 ft
Batting: LHB Adam Barry 0-0: Ball
1-0: Ball
2-0: Ball
3-0: Base on Balls
Batting: RHB David Kunze 0-0: Fielders Choice at 2nd, 3-6 (Groundball, 3, EV 109.4 MPH)
Batting: RHB Chris Artz 0-0: Called Strike
0-1: Swinging Strike
0-2: Strikes out swinging
Top of the 7th over - 3 runs, 2 hits, 0 errors, 1 left on base; Brooklyn 27 - Eugene 0
BOTTOM OF THE 7TH
Eugene Emeralds batting - Pitching for Brooklyn Cyclones : LHP Jonathan O'Donnell
Now at 2B: Victor Roca
Batting: SHB Andrew Baron 0-0: Ball
1-0: Swinging Strike
1-1: Swinging Strike
1-2: Ground out 5-3 (Groundball, 5, EV 105.6 MPH)
Batting: RHB Jonathan Ridgely 0-0: Called Strike
0-1: Ground out 4-3 (Groundball, 4S, EV 66.9 MPH)
Batting: RHB Alvaro Romero 0-0: Swinging Strike
0-1: Swinging Strike
0-2: Ball
1-2: SINGLE (Groundball, 3D, EV 96.9 MPH)
Batting: RHB Du Kim 0-0: Foul Ball, location: 2F
0-1: Ground out 4-3 (Groundball, 4, EV 81.2 MPH)
Bottom of the 7th over - 0 runs, 1 hit, 0 errors, 1 left on base; Brooklyn 27 - Eugene 0
TOP OF THE 8TH
Brooklyn Cyclones batting - Pitching for Eugene Emeralds : RHP Andy Huntley
Batting: RHB San-pao Kao 0-0: Ground out 4-3 (Groundball, 4, EV 104.4 MPH)
Batting: RHB Louwe Starmans 0-0: Called Strike
0-1: Foul Ball, location: 2F
0-2: Strikes out swinging
Batting: RHB Rob Bly 0-0: Called Strike
0-1: Ground out 5-3 (Groundball, 5S, EV 76.9 MPH)
Top of the 8th over - 0 runs, 0 hits, 0 errors, 0 left on base; Brooklyn 27 - Eugene 0
BOTTOM OF THE 8TH
Eugene Emeralds batting - Pitching for Brooklyn Cyclones : LHP Jonathan O'Donnell
Pitching: RHP Joey Keim
Batting: RHB Leonardo Nava 0-0: Called Strike
0-1: Swinging Strike
0-2: Strikes out swinging
Batting: RHB Ricardo Aguinaga 0-0: Ball
1-0: Ground out 1-3 (Groundball, 13S, EV 68.1 MPH)
Batting: RHB Bill Holmes 0-0: SINGLE (Groundball, 56D, EV 106.9 MPH)
Batting: RHB Han-seung Hah 0-0: Ball
1-0: Ball
2-0: Ball
3-0: Foul Ball, location: 2F
3-1: Called Strike
3-2: Foul Ball, location: 2F
3-2: SINGLE (Groundball, 34D, EV 99.4 MPH)
Bill Holmes to second
Bill Holmes to third
Batting: RHB Jerry Blas 0-0: Foul Ball, location: 2F
0-1: Ball
1-1: Swinging Strike
1-2: Ball
2-2: Strikes out swinging
Bottom of the 8th over - 0 runs, 2 hits, 0 errors, 2 left on base; Brooklyn 27 - Eugene 0
TOP OF THE 9TH
Brooklyn Cyclones batting - Pitching for Eugene Emeralds : RHP Andy Huntley
Batting: RHB Victor Roca 0-0: Ball
1-0: Ball
2-0: Fly out, F7 (Flyball, 78D, EV 91.2 MPH)
Batting: RHB Danny Runberg 0-0: Fly out, F8 (Flyball, 8RS, EV 89.4 MPH)
Batting: RHB Jose Lara 0-0: Ball
1-0: Ball
2-0: Foul Ball, location: 2F
2-1: Ball
3-1: Base on Balls
Batting: LHB Adam Barry 0-0: Fly out, F9 (Flyball, 9LM, EV 96.2 MPH)
Top of the 9th over - 0 runs, 0 hits, 0 errors, 1 left on base; Brooklyn 27 - Eugene 0
BOTTOM OF THE 9TH
Eugene Emeralds batting - Pitching for Brooklyn Cyclones : RHP Joey Keim
Batting: SHB Andrew Baron 0-0: Called Strike
0-1: Ball
1-1: Ball
2-1: Ball
3-1: Ground out 4-3 (Groundball, 4, EV 100.6 MPH)
Batting: RHB Jonathan Ridgely 0-0: Ball
1-0: Called Strike
1-1: Hit by Pitch
Batting: RHB Alvaro Romero 0-0: Called Strike
0-1: Ball
1-1: Ball
2-1: SINGLE (Groundball, 4MD, EV 106.2 MPH)
Jonathan Ridgely to second
Batting: RHB Du Kim 0-0: Called Strike
0-1: Swinging Strike
0-2: Foul Ball, location: 2F
0-2: Strikes out swinging
Batting: RHB Leonardo Nava 0-0: Ball
1-0: Called Strike
1-1: Foul Ball, location: 2F
1-2: Ball
2-2: Ball
3-2: Foul Ball, location: 2F
3-2: Ground out 5-3 (Groundball, 5, EV 83.1 MPH)
Bottom of the 9th over - 0 runs, 1 hit, 0 errors, 2 left on base; Brooklyn 27 - Eugene 0
Wednesday, June 22nd , 2022 - OOTP Baseball 23.4 Build 64